 Dungeon Crawl Stone Soup version 0.29-a0-550-g81e455f4c2 (webtiles) character file.

Game seed: 17584959769215448115

30192 Morbidden the Covert (level 13, -4/66 HPs)
             Began as a Vine Stalker Brigand on June 5, 2022.
             Was an Elder of Dithmenos.
             Slain by a catoblepas (6 damage)
             ... on level 4 of the Lair of Beasts.
             The game lasted 00:47:15 (15579 turns).

Morbidden the Covert (Vine Stalker Brigand)        Turns: 15579, Time: 00:47:15

Health: -4/66      AC: 20    Str: 12    XL:     13   Next: 50%
Magic:  0/34       EV:  8    Int: 20    God:    Dithmenos [****..]
Gold:   933        SH:  6    Dex: 16    Spells: 17/26 levels left

rFire   . . .      SeeInvis .   a - +1 dagger (venom)
rCold   + . .      Faith    .   f - +0 buckler
rNeg    . . .      Spirit   +   s - +5 scale mail of Compression {rPois}
rPois   +          Reflect  .   o - +3 hat of Pondering {ponderous, Will+ MP+10 Int+5}
rElec   +          Harm     .   u - scarf {shadows}
rCorr   .          Rampage  .   (no gloves)
Will    ++...                   g - +0 pair of boots
Stlth   +++++.....              G - amulet of magic regeneration
HPRegen 1.01/turn               O - +4 ring of protection
MPRegen 0.64/turn               K - ring "Kiosen" {Fly rElec rC+ Str-3 Slay+5}

@: mighty, flying, wreathed by umbra, constricted, slow
A: fangs 3, regeneration 1, magic shield, antimagic bite, no potion heal 2
a: Renounce Religion, Shadow Step


You were on level 4 of the Lair of Beasts.
You worshipped Dithmenos.
Dithmenos was greatly pleased with you.
You visited 3 branches of the dungeon, and saw 16 of its levels.
You also visited: Gauntlet and Volcano.

You collected 933 gold pieces.

Inventory:

Hand Weapons
 a - a +1 dagger of venom (weapon)
 b - a +1 demon whip of venom
 S - a +4 scimitar of venom
Missiles
 d - 18 poisoned darts (quivered)
 e - 6 curare-tipped darts
 M - 10 boomerangs
 R - 4 throwing nets
 W - 6 javelins
Armour
 c - a +0 cloak
 f - a +0 buckler (worn)
 g - a +0 pair of boots (worn)
 h - a +3 leather armour of fire resistance
 j - a scarf of invisibility
 o - the +3 hat of Pondering (worn) {ponderous, Will+ MP+10 Int+5}
   (You acquired it on level 9 of the Dungeon)

   Int:       It affects your intelligence (+5).
   MP:        It affects your magic capacity (+10).
   Will:      It increases your willpower.
 s - the +5 scale mail of Compression (worn) {rPois}
   (You found it on level 3 of the Dungeon)

   rPois:     It protects you from poison.
 u - a scarf of shadows (worn)
 x - a +1 chain mail of cold resistance
 F - a +2 kite shield
 H - a +0 helmet of see invisible
Jewellery
 w - a ring of fire
 y - a +6 ring of strength
 A - a ring of flight
 C - a ring of resist corrosion
 G - an amulet of magic regeneration (around neck)
 I - a ring of see invisible
 K - the ring "Kiosen" (right hand) {Fly rElec rC+ Str-3 Slay+5}
   (You found it on level 3 of the Lair of Beasts)

   [ring of protection from cold]

   Str:       It affects your strength (-3).
   Slay:      It affects your accuracy & damage with ranged weapons and melee
   (+5).
   rC:        It protects you from cold.
   rElec:     It insulates you from electricity.
   Fly:       It grants you flight.
 O - a +4 ring of protection (left hand)
Wands
 J - a wand of paralysis (3)
 L - a wand of flame (5)
 N - a wand of acid (9)
 X - a wand of iceblast (6)
 Y - a wand of mindburst (13)
Scrolls
 i - a scroll of amnesia
 p - 3 scrolls of fog
 t - 3 scrolls of immolation
 P - 8 scrolls of identify
 V - a scroll of enchant armour
Potions
 k - 7 potions of heal wounds
 l - 2 potions of magic {unknown}
 m - 8 potions of curing
 n - 2 potions of cancellation {unknown}
 q - a potion of berserk rage {unknown}
 r - 4 potions of flight
 v - 3 potions of attraction
 z - 3 potions of mutation
 B - 2 potions of might
 D - 6 potions of haste
 E - a potion of brilliance {unknown}
 Q - 4 potions of degeneration
Miscellaneous
 U - a condenser vane (inert)
 Z - a lightning rod (inert)


   Skills:
 * Level 6.9 Fighting
 * Level 7.3 Short Blades
 + Level 6.8 Throwing
 + Level 5.4 Armour
 * Level 5.7 Dodging
 * Level 10.8 Stealth
 * Level 6.0 Shields
 * Level 7.0 Spellcasting
 * Level 5.0 Conjurations
 * Level 6.7 Transmutations
 * Level 4.9 Invocations
 + Level 3.6 Evocations


You had 17 spell levels left.
You knew the following spells:

 Your Spells              Type           Power      Damage    Failure   Level
a - Wereblood             Tmut           33%        N/A       5%          2
c - Orb of Destruction    Conj           13%        9d7       100%        7

Your spell library contained the following spells:

 Spells                   Type           Power      Damage    Failure   Level
 Beastly Appendage        Tmut           66%        N/A       3%          1
 Foxfire                  Conj/Fire      68%        2x1d7     19%         1
 Shock                    Conj/Air       68%        1d7       19%         1
 Passwall                 Tmut/Erth      16%        N/A       21%         2
 Static Discharge         Conj/Air       17%        N/A       28%         2
 Spider Form              Tmut/Pois      20%        N/A       38%         3
 Conjure Flame            Conj/Fire      17%        6-21      50%         3
 Ensorcelled Hibernation  Hex/Ice        14%        N/A       63%         2
 Sublimation of Blood     Necr           7%         N/A       63%         2
 Ice Form                 Ice/Tmut       20%        N/A       80%         4
 Gell's Gravitas          Tloc           7%         N/A       85%         3
 Inner Flame              Hex/Fire       7%         N/A       85%         3
 Summon Guardian Golem    Hex/Summ       7%         N/A       85%         3
 Swiftness                Air            7%         N/A       85%         3
 Teleport Other           Tloc           7%         N/A       85%         3
 Flame Wave               Conj/Fire      17%        2d6       88%         4
 Hailstorm                Conj/Ice       17%        3d6       88%         4
 Sticky Flame             Conj/Fire      17%        2d4       88%         4
 Anguish                  Hex/Necr       3%         N/A       99%         4
 Dispel Undead            Necr           7%         3d8       99%         4
 Dispersal                Tloc           3%         N/A       100%        6
 Simulacrum               Ice/Necr       3%         N/A       100%        6
 Spellforged Servitor     Conj/Summ      8%         N/A       100%        7
 Summon Hydra             Summ           3%         N/A       100%        7


Dungeon Overview and Level Annotations

Branches:
Dungeon (11/15)            Temple (1/1) D:7            Lair (4/6) D:9
Volcano (visited)         Gauntlet (visited)
  Swamp: Lair:2-4    Shoals: Lair:2-4     Snake: Lair:2-4    Spider: Lair:2-4
    Orc: D:9-12

Altars:
Ashenzari
Cheibriados
Dithmenos
Elyvilon
Fedhas
Gozag
Hepliaklqana
Kikubaaqudgha
Makhleb
Nemelex Xobeh
Okawaru
Qazlal
Ru
Sif Muna
Trog
Uskayaw
Vehumet
Wu Jian
Xom
Yredelemnul
Zin
The Shining One


Innate Abilities, Weirdness & Mutations

You have razor-sharp teeth.
Your natural rate of healing is unusually fast.
When hurt, damage is shared between your health and your magic reserves.
Your bite disrupts and absorbs the magic of your enemies.
Potions cannot restore your health.


Message History

Unknown command.
Okay, then.
Okay, then.
Okay, then.
Okay, then.
Unknown command.
Unknown command.
Okay, then.
Are you sure you want to abandon this character and quit the game? (Confirm with "yes".)
Okay, then.
Unknown command.
You puncture the catoblepas!
The catoblepas looks as sick as possible!
You bite the catoblepas. You drain its power.
You feel invigorated.
The catoblepas is moderately wounded.
The blink frog blinks!
You block the naga's attack. The naga constricts you.
The blink frog blinks!
The blink frog hits you but does no damage.
Unknown command.
Unknown command.
Unknown command.
You hit the catoblepas.
The catoblepas looks as sick as possible!
You bite the catoblepas!! You drain its power.
You feel invigorated.
The catoblepas is severely wounded.
The catoblepas gores you!!
* * * LOW HITPOINT WARNING * * *
The blink frog blinks!
The naga hits you with a +0 short sword.
The blink frog blinks!
You block the naga's attack. The naga constricts you.
The blink frog blinks!
Unknown command.
Unknown command.
Unknown command.
You hit the catoblepas but do no damage.
The catoblepas looks as sick as possible!
The catoblepas is severely wounded.
Your shadow hits the catoblepas but does no damage.
The catoblepas gores you!
You die...

.... P. ##.... ..#
#.###.#... .§F#
#........ #...#
#..#...$. #...#
#.....P.
##..#######.....##
#NN.##.#.#.......#
#@FFY.|.....#....#
##Y.†...#P......#.
#.§....####.....#.
###.†#.FP.........
###†............
#.§)#.........
♣#...#P.......
♣............
♣♣.......##..


You could see a catoblepas (extremely poisoned), a yak, 4 blink frogs and 2
nagas.

Vanquished Creatures
  A minotaur (Gauntlet)
  Snorg (Lair:3)
  2 boulder beetles
  A hydra (Lair:2)
  2 two-headed ogres
  A centaur warrior (D:9)
  2 death yaks
  A tengu warrior (D:9)
  Amaemon (Lair:1)
  A death drake (Gauntlet)
  A wizard (D:9)
  A lindwurm (Lair:3)
  Pikel (D:7)
  An ugly thing (D:9)
  2 manticores
  4 salamanders (Volcano)
  A centaur zombie (Gauntlet)
  An orange demon (Lair:1)
  2 black mambas
  4 cane toads
  4 komodo dragons
  A polar bear (Lair:2)
  A hornet (D:9)
  A troll (D:11)
  A tyrant leech (Lair:4)
  A blink frog (Lair:4)
  A slime creature (D:9)
  2 vampires (D:11)
  3 wraiths
  35 yaks
  3 wyverns
  3 steam dragons
  2 basilisks
  Menkaure (D:5)
  An acid dragon (D:10)
  3 swamp worms
  4 water moccasins
  A sky beast (D:8)
  2 orc warriors (D:10)
  A hornet zombie (Gauntlet)
  An ice beast (D:5)
  4 black bears
  19 wolves
  2 centaurs
  An ogre (D:7)
  A lemure (D:8)
  3 kobold brigands
  9 bullfrogs
  A necrophage (D:6)
  3 gnoll sergeants
  A scorpion (D:7)
  5 wights
  9 killer bees
  14 howler monkeys
  3 hounds
  4 orc priests
  A jelly (D:6)
  Jessica (D:3)
  7 iguanas
  Natasha (thrice) (D:2)
  17 orc wizards
  A hound skeleton (D:6)
  17 gnolls
  7 adders
  2 white imps
  3 ufetubi (D:5)
  2 worms (D:2)
  A dart slug (D:2)
  40 orcs
  3 ball pythons
  5 endoplasms
  2 giant cockroaches (D:1)
  8 hobgoblins
  7 jackals
  24 kobolds
  6 quokkas
  8 bats
  5 frilled lizards
  7 goblins
  3 rats
362 creatures vanquished.

Vanquished Creatures (others)
  14 demonic plants (Gauntlet)
  13 fungi
  39 plants
  5 withered plants (Gauntlet)
71 creatures vanquished.

Grand Total: 433 creatures vanquished

Notes
Turn   | Place    | Note
-------+----------+-------------------------------------------
     0 | D:1      | Morbidden the Vine Stalker Brigand began the quest for the
                  | Orb.
     0 | D:1      | Reached XP level 1. HP: 11/11 MP: 2/2
    77 | D:1      | Reached skill level 5 in Stealth
   416 | D:1      | Found a faded altar of an unknown god.
   441 | D:1      | Reached XP level 2. HP: 15/15 MP: 3/3
   732 | D:1      | Reached skill level 1 in Dodging
   828 | D:1      | Reached XP level 3. HP: 18/18 MP: 4/4
  1514 | D:2      | Gained mutation: Your natural rate of healing is unusually
                  | fast. [Vine Stalker growth]
  1514 | D:2      | Reached XP level 4. HP: 21/23 MP: 4/6
  1555 | D:2      | Noticed Natasha
  1566 | D:2      | Killed Natasha
  1567 | D:2      | Reached skill level 1 in Spellcasting
  1704 | D:2      | Learned a level 1 spell: Beastly Appendage
  1707 | D:2      | Learned a level 2 spell: Wereblood
  1722 | D:2      | Noticed Natasha
  1729 | D:2      | Killed Natasha
  1770 | D:2      | Noticed Natasha
  1772 | D:2      | Killed Natasha
  1773 | D:2      | Reached skill level 1 in Evocations
  1773 | D:2      | Reached XP level 5. HP: 27/27 MP: 7/7
  1793 | D:3      | Reached skill level 6 in Stealth
  1799 | D:3      | Identified the +5 scale mail of Compression {rPois}
  1954 | D:3      | Found a faded altar of an unknown god.
  1958 | D:3      | Found a glowing golden altar of the Shining One.
  1974 | D:3      | Found a blossoming altar of Fedhas.
  2097 | D:3      | Noticed Jessica
  2109 | D:3      | Killed Jessica
  2616 | D:4      | Reached XP level 6. HP: 32/32 MP: 6/8
  2650 | D:4      | Found a shimmering blue altar of Sif Muna.
  3312 | D:4      | Reached skill level 1 in Transmutations
  3356 | D:4      | Found a broken altar of Ashenzari.
  3546 | D:4      | Identified the +2 whip of Midwinter {freeze, rF+ Str+2}
  3807 | D:4      | Found a stormy altar of Qazlal.
  3858 | D:4      | Noticed a black bear
  3872 | D:4      | Killed a black bear
  3873 | D:4      | Reached XP level 7. HP: 31/36 MP: 7/11
  3976 | D:4      | Found a glowing silver altar of Zin.
  4101 | D:5      | Entered Level 5 of the Dungeon
  4108 | D:5      | Noticed Menkaure
  4312 | D:5      | Reached skill level 1 in Armour
  4325 | D:5      | Killed Menkaure
  4326 | D:5      | Reached skill level 1 in Shields
  4458 | D:5      | Gained mutation: You have razor-sharp teeth. [Vine Stalker
                  | growth]
  4458 | D:5      | Reached XP level 8. HP: 40/40 MP: 12/12
  4793 | D:5      | Found an ancient bone altar of Kikubaaqudgha.
  4793 | D:5      | Found a shimmering altar of Xom.
  5112 | D:6      | Found a burning altar of Makhleb.
  5143 | D:6      | Reached skill level 7 in Stealth
  5204 | D:6      | You fall into a shaft and drop 2 floors!
  5236 | D:8      | Got the Tome of the Other Side
  5496 | D:8      | Reached XP level 9. HP: 38/45 MP: 11/14
  5680 | D:7      | Noticed Pikel
  5744 | D:8      | Found a radiant altar of Vehumet.
  5899 | D:7      | Found a staircase to the Ecumenical Temple.
  5906 | Temple   | Entered the Ecumenical Temple
  6075 | D:7      | Killed Pikel
  6406 | D:6      | Found a hazy altar of Hepliaklqana.
  6571 | D:6      | Reached skill level 5 in Short Blades
  6812 | D:6      | Reached XP level 10. HP: 39/51 MP: 14/17
  7067 | D:7      | Reached skill level 8 in Stealth
  7111 | D:7      | Found a shadowy altar of Dithmenos.
  7143 | D:7      | Became a worshipper of Dithmenos the Shadowed
  7872 | D:9      | Identified a scroll of acquirement
  7872 | D:9      | Acquired the +3 hat of Pondering {ponderous, Will+ MP+10
                  | Int+5}
  7872 | D:9      | Found the +3 hat of Pondering {ponderous, Will+ MP+10
                  | Int+5}
  7984 | D:9      | Learned a level 7 spell: Orb of Destruction
  8030 | D:9      | Found a staircase to the Lair.
  8058 | D:9      | Reached skill level 5 in Throwing
  8368 | D:9      | Noticed a brown ugly thing
  8385 | D:9      | Noticed a wizard
  8390 | D:9      | Killed a cyan ugly thing
  8391 | D:9      | Reached skill level 1 in Invocations
  8578 | D:9      | Noticed a manticore
  8593 | D:9      | Killed a manticore
  8594 | D:9      | Reached skill level 1 in Conjurations
  8695 | D:9      | Reached * piety under Dithmenos
  8706 | D:9      | Noticed a centaur warrior
  8714 | D:9      | Noticed a tengu warrior
  8715 | D:9      | Killed a wizard
  8763 | D:10     | Entered Level 10 of the Dungeon
  8958 | D:10     | Reached skill level 5 in Fighting
  9334 | D:10     | Reached XP level 11. HP: 55/55 MP: 19/19
  9718 | D:10     | Reached skill level 5 in Spellcasting
  9770 | D:10     | Reached skill level 9 in Stealth
 10139 | D:11     | Noticed a boulder beetle
 10206 | D:11     | Reached ** piety under Dithmenos
 10374 | D:11     | Killed a boulder beetle
 10426 | D:11     | Noticed a manticore
 10440 | D:11     | Killed a manticore
 10441 | D:11     | Reached skill level 5 in Transmutations
 11109 | D:11     | Noticed a two-headed ogre
 11123 | D:11     | Killed a two-headed ogre
 11241 | D:9      | Noticed a boulder beetle
 11265 | D:9      | Killed a boulder beetle
 11289 | D:9      | Noticed a two-headed ogre
 11304 | D:9      | Killed a two-headed ogre
 11354 | D:9      | Killed a centaur warrior
 11355 | D:9      | Reached XP level 12. HP: 30/60 MP: 21/21
 11391 | D:9      | Killed a tengu warrior
 11648 | Lair:1   | Entered Level 1 of the Lair of Beasts
 11901 | Lair:1   | Reached skill level 5 in Shields
 12043 | Lair:1   | Reached skill level 5 in Dodging
 12090 | Lair:1   | Reached *** piety under Dithmenos
 12210 | Lair:1   | Noticed Amaemon
 12228 | Lair:1   | Killed Amaemon
 12413 | Lair:1   | Reached skill level 10 in Stealth
 12636 | Lair:1   | Reached skill level 5 in Armour
 13139 | Lair:2   | Found a gate leading to a gauntlet.
 13154 | Gauntlet | Entered a Gauntlet
 13154 | Gauntlet | Found a large runed translucent door.
 13154 | Gauntlet | Found a large runed translucent door.
 13154 | Gauntlet | Found a large runed translucent door.
 13154 | Gauntlet | Found a large runed translucent door.
 13154 | Gauntlet | Found a runed translucent door.
 13154 | Gauntlet | Found a large runed translucent door.
 13154 | Gauntlet | Found a large runed translucent door.
 13154 | Gauntlet | Found a large runed translucent door.
 13154 | Gauntlet | Found a large runed translucent door.
 13154 | Gauntlet | Found a runed translucent gate.
 13162 | Gauntlet | Found a transporter.
 13162 | Gauntlet | Found a transporter.
 13169 | Gauntlet | Found a transporter.
 13174 | Gauntlet | Found a transporter.
 13186 | Gauntlet | Found a transporter.
 13198 | Gauntlet | Found a transporter.
 13216 | Gauntlet | Found a transporter.
 13218 | Gauntlet | Noticed a reaper
 13219 | Gauntlet | Found a transporter.
 13232 | Gauntlet | Found a transporter.
 13235 | Gauntlet | Found a transporter.
 13237 | Gauntlet | Found a runed translucent gate.
 13237 | Gauntlet | Found a runed translucent gate.
 13238 | Gauntlet | Found a large runed translucent door.
 13238 | Gauntlet | Found a large runed translucent door.
 13239 | Gauntlet | Found a large runed translucent door.
 13240 | Gauntlet | Found a large runed translucent door.
 13241 | Gauntlet | Found a large runed translucent door.
 13241 | Gauntlet | Found a large runed translucent door.
 13241 | Gauntlet | Found a runed translucent door.
 13242 | Gauntlet | Found a large runed translucent door.
 13243 | Gauntlet | Found a large runed translucent door.
 13245 | Gauntlet | Found a transporter.
 13408 | Gauntlet | HP: 4/93 [poisoned by a death drake (dark miasma)]
 13473 | Gauntlet | Identified the +1 demon whip of Xejumumny {drain, rC- Dex+2
                  | Stlth+}
 13555 | Gauntlet | Noticed a minotaur
 13587 | Gauntlet | Killed a minotaur
 13729 | Lair:2   | Reached XP level 13. HP: 65/65 MP: 23/23
 14083 | Lair:3   | Found a dark tunnel.
 14189 | Volcano  | Entered a volcano
 14323 | Lair:3   | Noticed Snorg
 14350 | Lair:3   | Killed Snorg
 14476 | Lair:3   | Identified the ring "Kiosen" {Fly rElec rC+ Str-3 Slay+5}
 14602 | Lair:3   | Reached **** piety under Dithmenos
 15557 | Lair:4   | Reached skill level 5 in Conjurations
 15576 | Lair:4   | HP: 1/66 [catoblepas (5)]
 15579 | Lair:4   | Slain by a catoblepas

Illustrated notes

Levels and vault maps discovered:
D:1:      minmay_arrival_plants_in_alcoves, layout_basic, basic_ecumenical_altar
D:2:      layout_loops_ring, kennysheep_nondescript, uniq_natasha
D:3:      layout_loops_ring, fedhas_altar_3, nicolae_overflow_ecumenical_swirl,
          uniq_jessica
D:4:      layout_basic, mainiacjoe_overflow_small_starburst, zin_treasury,
          kennysheep_orc_sif_temple, nicolae_ashenzari_panopticon
D:5:      layout_cave_pools, gammafunk_temple_overflow_wave, minivault_11,
          uniq_menkaure
D:6:      layout_rooms, nzn_hepliaklqana_mist_gate, makhleb_blood_cavern_becter
D:7:      layout_cave_pools, grunt_dithmenos_smoke_and_mirrors,
          minmay_temple_entry_overgrown, minmay_misc_feat_encased, uniq_pikel
D:8:      layout_basic, lemuel_tele_altar
D:9:      minmay_the_grid_four_pointed_star_mashed
          [minmay_the_grid_triangle_9x9_windchime,
          minmay_the_grid_triangle_9x9_skeleton,
          minmay_the_grid_triangle_9x9_semitri,
          minmay_the_grid_triangle_9x9_swiss_cheese,
          minmay_the_grid_prize_four_corners], layout_cave_pools,
          david_lair_shrubbed, corner_web_ring
D:10:     layout_irregular_city
D:11:     layout_cave_pods
Temple:   compressed_dpeg_circular_temple
Lair:1:   layout_concentric_octagons, uniq_amaemon
Lair:2:   layout_chaotic_city, gauntlet_entry_generic, grunt_megastairs_3
Lair:3:   layout_layer_cave, nicolae_volcano_entry_vermiform, uniq_snorg
Lair:4:   layout_loops_ring, minmay_swamp_entry_worms,
          guppyfry_snake_entry_island, gammafunk_ghost_arena,
          nicolae_quartered_pool_super, serial_bayou_shore_b

Skill      XL: |  1  2  3  4  5  6  7  8  9 10 11 12 13 |
---------------+----------------------------------------+-----
Stealth        | 5 6 7 8 9 10 | 10.8
Fighting       | 2 3 4 5 6 |  6.9
Dodging        | 1 2 3 4 5 |  5.7
Short Blades   | 2 3 4 5 6 7 |  7.3
Throwing       | 2 3 4 5 6 |  6.8
Spellcasting   | 1 2 3 4 5 6 7 |  7.0
Evocations     | 1 2 3 |  3.6
Transmutations | 1 2 3 4 5 6 |  6.7
Armour         | 1 2 3 4 5 |  5.4
Shields        | 1 2 3 4 5 6 |  6.0
Invocations    | 2 3 4 |  4.9
Conjurations   | 2 3 4 5 |  5.0

Action                   |  1- 3 |  4- 6 |  7- 9 | 10-12 | 13-15 || total
-------------------------+-------+-------+-------+-------+-------++-------
Melee: Dagger            |    69 |   154 |   322 |   861 |   173 ||  1579
       Bite              |    13 |    44 |   113 |   351 |    88 ||   609
       Punch             |     1 |       |       |       |       ||     1
       Kick              |       |       |    12 |    36 |       ||    48
       Headbutt          |       |       |     6 |    15 |       ||    21
Throw: Dart              |       |    37 |    90 |   142 |    21 ||   290
       Stone             |       |       |    15 |       |       ||    15
       Boomerang         |       |       |    23 |    80 |    12 ||   115
 Cast: Beastly Appendage |       |       |     7 |     5 |       ||    12
       Wereblood         |       |       |       |     2 |     1 ||     3
Evoke: Wand              |       |       |     4 |     3 |       ||     7
       Lightning rod     |       |       |       |     2 |     4 ||     6
       Condenser vane    |       |       |       |     1 |       ||     1
  Use: Scroll            |       |     2 |    12 |    14 |     2 ||    30
       Potion            |       |       |       |     3 |     2 ||     5
 Stab: Sleeping          |    14 |     4 |     4 |     4 |     6 ||    32
       Distracted        |       |     2 |       |       |       ||     2
       Paralysed         |       |       |       |     1 |       ||     1
       Petrified         |       |       |       |       |     5 ||     5
Armor: Robe              |     9 |       |       |       |       ||     9
       Scale mail        |       |    73 |   140 |   298 |    66 ||   577
       Skin              |       |       |       |    26 |       ||    26
       Leather armour    |       |       |       |       |     6 ||     6
Dodge: Dodged            |    35 |    61 |   112 |   388 |    83 ||   679
Block: Buckler           |       |     1 |    54 |   193 |    39 ||   287

Table legend: (Time is in decaauts)
 A = Elapsed time spent in this place.
 B = Non-inter-level travel time spent in this place.
 C = Inter-level travel time spent in this place.
 D = Time resting spent in this place.
 E = Time spent auto-exploring this place.
 F = Levels seen in this place.
 G = Mean time per level.
                   A        B        C        D        E       F      G
               +--------+--------+--------+--------+--------+-----+--------+
         Total |  15706 |  15017 |    689 |    932 |   9603 |  18 |  872.6 |
       Dungeon |  11559 |  11005 |    554 |    543 |   7362 |  11 | 1050.8 |
        Temple |    134 |    101 |     33 |      0 |     93 |   1 |  134.0 |
          Lair |   3379 |   3278 |    101 |    305 |   2063 |   4 |  844.8 |
       Volcano |     81 |     81 |      0 |      0 |      0 |   1 |   81.0 |
      Gauntlet |    550 |    550 |      0 |     83 |     83 |   1 |  550.0 |
               +--------+--------+--------+--------+--------+-----+--------+

Top non-repeatable levels by time:
     D:4: 1507 daAuts
  Lair:3: 1454 daAuts
     D:9: 1444 daAuts
  Lair:1: 1384 daAuts
    D:10: 1359 daAuts
    D:11: 1194 daAuts
     D:8: 1120 daAuts
     D:1: 1082 daAuts
     D:6: 919 daAuts
     D:5: 827 daAuts
     D:3: 791 daAuts
     D:2: 695 daAuts
     D:7: 616 daAuts
Gauntlet: 550 daAuts
  Lair:2: 467 daAuts
